Construct Infanterie Kompanie
Infanterie Officer Quarters
Construct Panzergrenadier Kompanie
Selects Mechanized Battlegroup
Selects Mobile Repair Stations
Pak 40 Anti-tank Gun Team
Panzergrenadier Officer Quarters
Construct Panzer Kompanie
Pak 40 Anti-tank Gun Team
Selects Wespe Self-propelled Artillery
Selects 8 Rad Armored Car
Selects UNKNOWN (2160084)
Selects Mechanized Assault
Pak 40 Anti-tank Gun Team